 Dungeon Crawl Stone Soup version 0.25-a0-733-gf7d8cd8a05 (webtiles) character file.

Game seed: 9989021120978785897, levelgen mode: deterministic

163 Iflex the Poker (level 5, -8/42 HPs)
             Began as a Merfolk Gladiator on Apr 9, 2020.
             Mangled by a gnoll shaman
             ... wielding a +4 whip of electrocution
              (17 damage)
             ... on level 4 of the Dungeon.
             The game lasted 00:06:03 (2366 turns).

Iflex the Poker (Merfolk Gladiator)                 Turns: 2366, Time: 00:06:04

Health: -8/42      AC:  4    Str: 15    XL:     5   Next: 44%
Magic:  5/5        EV: 14    Int:  8    God:
Gold:   81         SH:  0    Dex: 15    Spells: 4/4 levels left

rFire    . . .     SeeInvis .   a - +0 trident
rCold    . . .     Gourm    .   (no shield)
rNeg     . . .     Faith    .   b - +0 leather armour
rPois    .         Spirit   .   c - +0 helmet
rElec    .         Reflect  .   (no cloak)
rCorr    .         Harm     .   (no gloves)
MR       .....                  (no boots)
Stlth    ++........             (no amulet)
HPRegen  0.14/turn              (no ring)
MPRegen  0.09/turn              (no ring)

@: no status effects
A: change form in water, swift swim, stealthy swim
a: no special abilities


You were on level 4 of the Dungeon.
You were hungry.

You visited 1 branch of the dungeon, and saw 4 of its levels.

You collected 81 gold pieces.

Inventory:

Hand Weapons
 a - a +0 trident (weapon)
Armour
 b - a +0 leather armour (worn)
 c - a +0 helmet (worn)
Scrolls
 h - 2 scrolls of teleportation {unknown}
 i - 3 scrolls of enchant weapon {unknown}
 k - 2 scrolls of identify {unknown}
 m - a scroll of random uselessness {unknown}
 n - a scroll of enchant armour {unknown}
 p - a scroll of amnesia {unknown}
 q - a scroll of remove curse {unknown}
Potions
 e - a potion of magic {unknown}
 g - 4 potions of curing {unknown}
 j - a potion of lignification {unknown}
 l - a potion of heal wounds {unknown}
 o - a potion of might {unknown}
 r - a potion of brilliance {unknown}
Comestibles
 f - 5 rations


   Skills:
 * Level 3.9 Fighting
 + Level 7.1 Polearms
 + Level 2.1 Throwing
 - Level 4.0 Dodging
 + Level 1.2 Stealth


You had 4 spell levels left.
You didn't know any spells.
Your spell library was empty.

Dungeon Overview and Level Annotations

Branches:
Dungeon (4/15)
 Temple: D:4-7

Altars:


Message History

You puncture the gnoll shaman!
The gnoll shaman is severely wounded.
The gnoll shaman barely misses you.
You hit the gnoll shaman.
The gnoll shaman is almost dead.
The gnoll shaman prays to its god.
The gnoll shaman is healed somewhat.
You closely miss the gnoll shaman.
The gnoll shaman is heavily wounded.
The gnoll shaman hits you with a +4 whip of electrocution.
You barely miss the gnoll shaman.
The gnoll shaman is heavily wounded.
The gnoll shaman hits you with a +4 whip of electrocution.
You are electrocuted!
You hit the gnoll shaman but do no damage.
The gnoll shaman is heavily wounded.
The gnoll shaman hits you with a +4 whip of electrocution!
* * * LOW HITPOINT WARNING * * *
You are electrocuted!
You die...

#(#.#.#g.#
#.#...# #
#.#..##..
#........
#g.......
#g##.##.# #g#
.# #g# # #@#
#............#
#.####.##.####
#.# # ... #.#
..# ###


You could see a gnoll shaman and 3 gnolls.

Vanquished Creatures
  A hound (D:3)
  An orc wizard (D:3)
  A worker ant (D:3)
  2 adders
  An adder zombie (D:3)
  A worm (D:2)
  A leopard gecko (D:3)
  6 orcs
  2 ball pythons
  4 bats
  A giant cockroach (D:1)
  4 goblins
  7 jackals
  9 kobolds
  4 frilled lizards
  5 rats
50 creatures vanquished.

Notes
Turn   | Place    | Note
-------+----------+-------------------------------------------
     0 | D:1      | Iflex the Merfolk Gladiator began the quest for the Orb.
     0 | D:1      | Reached XP level 1. HP: 16/16 MP: 1/1
   228 | D:1      | Reached XP level 2. HP: 23/23 MP: 2/2
   718 | D:2      | Reached skill level 5 in Polearms
  1055 | D:2      | Reached XP level 3. HP: 7/28 MP: 3/3
  1698 | D:3      | Reached skill level 6 in Polearms
  1698 | D:3      | Reached XP level 4. HP: 14/35 MP: 4/4
  2031 | D:3      | Reached XP level 5. HP: 33/42 MP: 5/5
  2049 | D:3      | Reached skill level 1 in Stealth
  2158 | D:3      | Reached skill level 7 in Polearms
  2366 | D:4      | Mangled by a gnoll shaman

Levels and vault maps discovered:
D:1:      dpeg_arrival_connections, layout_basic, minmay_strange_pillars,
          chequers_serial_rivers_small_b
D:2:      layout_rooms
D:3:      layout_basic
D:4:      layout_loops_cross, cheibrodos_sewer_entry_bend, first_ration,
          uniq_crazy_yiuf_cottage

Skill      XL: |  1  2  3  4  5 |
---------------+----------------+-----
Polearms       | 5 6 7 |  7.1
Fighting       | 3 |  3.9
Stealth        | 1 |  1.2
Throwing       | |  2.1
Dodging        | |  4.0

Action                   |  1- 3 |  4- 6 || total
-------------------------+-------+-------++-------
Melee: Trident           |   138 |    96 ||   234
Throw: Throwing net      |       |     4 ||     4
 Stab: Sleeping          |     1 |     3 ||     4
  Eat: Chunk             |     3 |     1 ||     4
Armor: Leather armour    |    32 |    13 ||    45
Dodge: Dodged            |    71 |    58 ||   129

Table legend:
 A = Non-vault XP
 B = Vault XP
 C = Vault XP percentage of total XP
 D = Non-vault monster count
 E = Vault monster count
 F = Vault count percentage of total count
                 A         B        C        D         E       F
            +---------+---------+-------+---------+---------+-------
      Total |     233 |       0 |   0.0 |      50 |       0 |   0.0
            +---------+---------+-------+---------+---------+-------
        D:1 |      14 |       0 |   0.0 |       8 |       0 |   0.0
        D:2 |      44 |       0 |   0.0 |      17 |       0 |   0.0
        D:3 |     175 |       0 |   0.0 |      25 |       0 |   0.0
            +---------+---------+-------+---------+---------+-------
